Unix NetHack Version 5.0.0-0 post-release - last build May 23 2026 06:08:33 (1c0ff79ee797540d5714e4e18072db0edd9e58ae,branch:main).

Game began 2026-05-24 21:17:16, ended 2026-05-24 21:41:29.

Eymerich, chaotic male elven Priest

                                                -----------
                                                |.>.......|
                             ------------       |..........#     ----------
                             |..........|       -----|-----#    #.........|
                             |$.........-#           #     #    #|........|
                             |..........|#           #     #    #|........-#
                             |..........|#        ####     #    #|........|#
                             |..........|#        #        #    #----------#
                             ...........|#        #        #    #         ##
                             --.---------##       #        #    ###       #
                                        ######### #        #      ##    ###
                                          ##@h######      ##       #    #-----
                                          ## ----.---    ##        #    #|<..|
                                           ##|......|   #######    #    #....|
                                            #|......|    #----|----#     |...|
                                            #.......|    #|.......|#     |((.|
                                             |......|    #........|#     -----
                                             |......|     |......(-#
                                             --------     ---------

Eymerich the Acolyte         St:12 Dx:12 Co:13 In:11 Wi:18 Ch:10  Chaotic
Dlvl:3  $:127 HP:0(24) Pw:67(67) AC:6  Xp:4 T:2656 

Latest messages:
 In what direction?
 Whoops...
 You are caught by a spider web!
 You are stuck to the web.
 You stop.  Pinky is in the way!
 You stop.  Pinky is in the way!
 You are stuck to the web.
 You disentangle yourself.
 You stop.  Your little dog doesn't want to swap places.
 You see here an elven dagger.
 You swap places with your little dog.
 You see here an elven dagger.
 G - an elven dagger.
 In what direction?
 Whoops...
 You are caught by a spider web!
 You are stuck to the web.
 You disentangle yourself.
 In what direction?
 Whoops...
 You are caught by a spider web!
 You are stuck to the web.
 You stop.  Your little dog is in the way!
 You are stuck to the web.
 You disentangle yourself.
 You swap places with your little dog.
 In what direction?
 You succeed in removing the web.
 You stop.  Your little dog is in the way!
 You swap places with your little dog.
 You climb up the stairs.
 You swap places with your little dog.
 You stop.  Your little dog is in the way!
 You climb up the stairs.
 What do you want to throw? [$atzG or ?*]
 In what direction?
 The thonged club misses the dwarf.
 The thonged club returns to your hand!
 What do you want to throw? [$atzG or ?*]
 In what direction?
 The thonged club misses the dwarf.
 The thonged club returns to your hand!
 You miss the dwarf.
 The dwarf swings his broad pick.
 The dwarf hits!
 You miss the dwarf.
 The dwarf swings his broad pick.
 The dwarf hits!
 You die...
 Do you want your possessions identified? [ynq] (y)

Inventory:
 Coins    ('$')
  $ - 127 gold pieces
 Weapons  (')')
  G - a +0 elven dagger
  t - a greased +0 aklys (tethered to right hand)
  z - a cursed +0 aklys
  a - a blessed +1 mace (alternate weapon; not wielded)
 Armor    ('[')
  j - a +0 orcish helm (being worn)
  B - a +0 pair of iron shoes
  o - a +0 shield of shock resistance
  c - a +0 small shield (being worn)
  b - a +0 robe (being worn)
 Comestibles  ('%')
  e - a clove of garlic
  y - a cram ration
  w - a melon
  f - a sprig of wolfsbane
 Scrolls  ('?')
  l - a scroll of charging
  n - a scroll of create monster
  x - a scroll of identify
  E - a scroll of remove curse
 Spellbooks  ('+')
  g - a spellbook of protection
  h - a spellbook of stone to flesh
 Potions  ('!')
  q - a cursed potion of oil
  F - a blessed potion of paralysis
  m - a potion of paralysis
  d - 4 potions of holy water
 Tools    ('(')
  s - an empty bag of holding
  i - a wooden harp
  A - a can of grease (0:19)
  C - a +0 pick-axe
 Gems/Stones  ('*')
  v - a worthless piece of yellow glass named soft

Eymerich the Priest's attributes:

Background:
 You were an Acolyte, a level 4 elven Priest.
 You were chaotic, on a mission for Huhetotl
 who was opposed by Quetzalcoatl (lawful) and Camaxtli (neutral).
 You were right-handed.
 You were in the Dungeons of Doom, on level 3.
 You entered the dungeon 2656 turns ago.
 You had 113 experience points, 47 more were needed to attain level 5.

Basics:
 You had 0 out of 24 hit points.
 You had all 67 energy points (spell power).
 Your armor class was 6.
 Your wallet contained 127 zorkmids.
 Autopickup was off.

Final Characteristics:
 Your strength was 12 (limit:18).
 Your dexterity was 12 (limit:18).
 Your constitution was 13 (limit:16).
 Your intelligence was 11 (limit:20).
 Your wisdom was 18 (limit:20).
 Your charisma was 10 (limit:18).

Final Status:
 You weren't hungry.
 You were unencumbered.
 You were wielding a club.
 You were unskilled in club.

Final Attributes:
 You were piously aligned.
 You were sleep resistant.
 You had infravision.
 You were guarded.
 Your spell casting was enhanced by wearing a robe.
 You are dead.

Miscellaneous:
 You didn't encounter any bones levels.
 Total elapsed playing time was 24 minutes and 10 seconds.

Major events:
 Turn
    1: Eymerich the chaotic elven Priest entered the dungeon
 1113: entered the Gnomish Mines
 1142: attained the rank of Acolyte (level 3)
 2656: killed by a dwarf

Spells:
 Name                 Level Category     Fail Retention
 protection             1   clerical       0%   81%-90%
 stone to flesh         3   healing       81%  76%-100%

Skills:
 Fighting Skills
   bare handed combat [Unskilled]
 Weapon Skills
   club               [Unskilled]
   mace               [Basic]
   morning star       [Unskilled]
   flail              [Unskilled]
   hammer             [Unskilled]
   quarterstaff       [Unskilled]
   polearms           [Unskilled]
   spear              [Unskilled]
   trident            [Unskilled]
   lance              [Unskilled]
   bow                [Unskilled]
   sling              [Unskilled]
   crossbow           [Unskilled]
   dart               [Unskilled]
   shuriken           [Unskilled]
   boomerang          [Unskilled]
   unicorn horn       [Unskilled]
 Spellcasting Skills
   healing spells     [Unskilled]
   divination spells  [Unskilled]
   clerical spells    [Basic]

Voluntary challenges:
 Character rerolling was not enabled.
 You were illiterate.
 You never genocided any monsters.
 You never polymorphed an object.
 You never changed form.
 You used no wishes.
Achievements:
 You entered the Gnomish Mines.
 You attained the rank of Acolyte.

 The Dungeons of Doom: levels 1 to 5
    Level 1: "vault, boulder"
    Level 2:
    Level 3: <- You were here.
       Final resting place for
          you, killed by a dwarf.
    Level 4:
       Stairs down to The Gnomish Mines.
    Level 5:
       A fountain.
 The Gnomish Mines:
    Level 5:


Vanquished creatures:
  a shrieker
  a gnome leader
  a floating eye
  a dwarf
 an iguana
 an acid blob
  a coyote
  a gas spore
  a hobbit
  a cave spider
  2 yellow molds
  a red mold
  7 gnomes
  5 geckos
  a jackal
  a kobold
  2 goblins
  a sewer rat
 10 grid bugs
  3 lichens
  3 newts
46 creatures vanquished.

No species were genocided or became extinct.

Game over:
                       ----------
                      /          \
                     /    REST    \
                    /      IN      \
                   /     PEACE      \
                  /                  \
                  |     Eymerich     |
                  |      127 Au      |
                  |   killed by a    |
                  |      dwarf       |
                  |                  |
                  |                  |
                  |       2026       |
                 *|     *  *  *      | *
        _________)/\\_//(\/(/\)/\//\/|_)_______

Goodbye Eymerich the Priest...

You died in The Dungeons of Doom on dungeon level 3 with 767 points,
and 127 pieces of gold, after 2656 moves.
You were level 4 with a maximum of 24 hit points when you died.

